 Dungeon Crawl Stone Soup version 0.23.2-1-ga50397a (webtiles) character file.

Game seed: 714867965984691730

32 kae the Changer (level 3, -5/26 HPs)
             Began as a Demonspawn Transmuter on Apr 16, 2019.
             Slain by a gnoll
             ... wielding a +0 flail
              (15 damage)
             ... on level 1 of the Dungeon.
             The game lasted 00:00:55 (711 turns).

kae the Changer (Demonspawn Transmuter)              Turns: 711, Time: 00:00:56

Health: -5/26      AC:  3    Str: 10    XL:     3   Next: 10%
Magic:  4/6        EV: 12    Int: 14    God:
Gold:   58         SH:  0    Dex: 14    Spells: 3/6 levels left

rFire    . . .     SeeInvis .     - Unarmed
rCold    . . .     Gourm    .   (no shield)
rNeg     . . .     Faith    .   b - +0 robe
rPois    .         Spirit   .   (no helmet)
rElec    .         Reflect  .   f - +0 cloak
rCorr    .         Harm     .   (no gloves)
MR       .....                  (no boots)
Stlth    +.........             (no amulet)
HPRegen  0.08/turn              (no ring)
MPRegen  0.10/turn              (no ring)

@: no status effects
A: powered by death 1, spiny 1
a: no special abilities


You were on level 1 of the Dungeon.
You were not hungry.

You visited 1 branch of the dungeon, and saw 1 of its levels.

You collected 58 gold pieces.

Inventory:

Missiles
 a - 26 arrows
Armour
 b - a +0 robe (worn)
 f - a +0 cloak (worn)
Scrolls
 c - a scroll of enchant weapon {unknown}
 e - a scroll of amnesia {unknown}
 g - a scroll of enchant armour {unknown}
 j - a scroll of teleportation {unknown}
Potions
 h - a potion of might {unknown}
 i - a potion of lignification {unknown}
Comestibles
 d - 3 rations


   Skills:
 - Level 1.0 Fighting
 - Level 1.7 Dodging
 - Level 2.6 Unarmed Combat
 - Level 2.0 Spellcasting
 + Level 3.3 Transmutations


You had 3 spell levels left.
You knew the following spells:

 Your Spells              Type           Power        Failure   Level  Hunger
a - Beastly Appendage     Tmut           ##....       6%          1    ##.....
b - Sticks to Snakes      Tmut           ##......     10%         2    ###....

Your spell library contained the following spells:

 Spells                   Type           Power        Failure   Level  Hunger
 Spider Form              Tmut/Pois      #.........   36%         3    ####...
 Ice Form                 Ice/Tmut       #.......     77%         4    #####..
 Blade Hands              Tmut           ##........   86%         5    ######.


Dungeon Overview and Level Annotations

Branches:
Dungeon (1/15)

Altars:


Innate Abilities, Weirdness & Mutations

You regenerate a little health from kills.
You are partially covered in sharp spines.


Message History

You see here a +0 club.
You hit the gnoll.
The gnoll is lightly wounded.
The gnoll closely misses you.
Casting: Beastly Appendage (safe; 6% risk of failure)
Confirm with . or Enter, or press ? or * to list all spells.
You create a snake!
You now have 26 arrows.
The gnoll is struck by your spines. The gnoll misses you.
Your adder bites the gnoll.
The gnoll is poisoned.
Your adder poisons the gnoll!
You closely miss the gnoll.
The gnoll is moderately wounded.
The gnoll hits you with a +0 flail!
Ouch! That really hurt!
Your adder closely misses the gnoll.
You hit the gnoll.
The gnoll is heavily wounded.
Your adder bites the gnoll.
The gnoll hits you with a +0 flail!
Ouch! That really hurt!
You die...

#.# ..# #..### ...
#.# #..# #.#
#.#####.###†.# #.#
#.##....)....### #)#
#.##.##.##..###.
#.####.##.##)##..###.
#.#..............#...
#.......#.#####.##.#.
##Sg@.#.#.#####.#....
#.#............#..#.
#(####.#########....
#>####.# #....
#......# #....
######## ##....
#..... #....# ##.....


You could see a gnoll and a friendly adder.

Vanquished Creatures
  3 dart slugs (D:1)
  A leopard gecko (D:1)
  5 bats (D:1)
  2 hobgoblins (D:1)
  4 jackals (D:1)
  A ball python (D:1)
  3 goblins (D:1)
  5 kobolds (D:1)
  A rat (D:1)
25 creatures vanquished.

Notes
Turn   | Place    | Note
-------+----------+-------------------------------------------
     0 | D:1      | kae the Demonspawn Transmuter began the quest for the Orb.
     0 | D:1      | Reached XP level 1. HP: 15/15 MP: 3/3
    33 | D:1      | Reached skill level 2 in Transmutations
   202 | D:1      | Gained mutation: You are partially covered in sharp spines.
                  | [demonic ancestry]
   202 | D:1      | Reached XP level 2. HP: 21/21 MP: 3/5
   388 | D:1      | Reached skill level 3 in Transmutations
   510 | D:1      | Learned a level 2 spell: Sticks to Snakes
   626 | D:1      | Gained mutation: You regenerate a little health from kills.
                  | [demonic ancestry]
   626 | D:1      | Reached XP level 3. HP: 23/26 MP: 6/6
   711 | D:1      | Slain by a gnoll

Skill      XL: |  1  2 |
---------------+-------+-----
Transmutations | 2 3 |  3.3
Fighting       | |  1.0
Dodging        | |  1.7
Unarmed Combat | |  2.6
Spellcasting   | |  2.0

Action                   || total
-------------------------++-------
Melee: Unarmed           ||    69
       Kick              ||     5
       Punch             ||     1
       Headbutt          ||     2
 Cast: Beastly Appendage ||    11
       Sticks to Snakes  ||     1
Armor: Robe              ||    11
Dodge: Dodged            ||    53
